 Dungeon Crawl Stone Soup version 0.18-a0-1774-gce1f7b6 (webtiles) character file.

30 epen the Slasher (level 3, 0/32 HPs)
             Began as a Naga Gladiator on Apr 15, 2016.
             Succumbed to an adder's poison
             ... on level 2 of the Dungeon.
             The game lasted 00:01:17 (1083 turns).

epen the Slasher (Naga Gladiator)                   Turns: 1083, Time: 00:01:18

Health: 0/32       AC:  3    Str: 18    XL:     3   Next: 18%
Magic:  3/3        EV: 10    Int:  8    God:
Gold:   47         SH:  0    Dex: 11    Spells: 0 memorised, 2 levels left

rFire  . . .     SeeInvis +     a - +1 long sword
rCold  . . .     Gourm    .     b - +0 leather armour
rNeg   . . .     Faith    .     (no shield)
rPois  +         Spirit   .     c - +0 helmet
rElec  .         Dismiss  .     (no cloak)
rCorr  .         Reflect  .     (no gloves)
SustAt .         Harm     .     (no barding)
MR     .....                    (no amulet)
Stlth  ++........               (no ring)
                                (no ring)

@: lethally poisoned (0 -> -8), flying, very slow, not resistant to hostile
enchantments, unstealthy
A: see invisible, deformed body, poison resistance, slowness 2, slow metabolism
1, spit poison 2, AC +1
a: Spit Poison


You were on level 2 of the Dungeon.
You were not hungry.

You visited 1 branch of the dungeon, and saw 2 of its levels.

You collected 47 gold pieces.

Inventory:

Hand Weapons
 a - a +1 long sword (weapon)
Missiles
 d - 3 throwing nets (quivered)
Armour
 b - a +0 leather armour (worn)
 c - a +0 helmet (worn)
Jewellery
 i - an uncursed ring of protection from fire
Scrolls
 e - a scroll of noise {unknown}
 g - a scroll of immolation {unknown}
 h - a scroll of enchant weapon
 j - 2 scrolls of identify
Comestibles
 f - a bread ration


   Skills:
 - Level 2.0 Fighting
 * Level 3.6 Long Blades
 - Level 1.7 Throwing
 * Level 2.7 Dodging
 + Level 1.9 Stealth


You had 2 spell levels left.
You didn't know any spells.

Dungeon Overview and Level Annotations

Branches:
Dungeon (2/15)

Altars:


Innate Abilities, Weirdness & Mutations

You cannot wear boots.
Your serpentine skin is tough (AC +1).
You have supernaturally acute eyesight.
Armour fits poorly on your strangely shaped body.
Your system is resistant to poisons.
You cover ground very slowly.
You have a slow metabolism.
You can spit poison.


Message History

You feel sick.
Read which item? (? for menu, Esc to quit)
As you read the scroll labeled MYPLAOH WUTEAGGU, it crumbles to dust.
It is a scroll of enchant weapon.
Enchant which weapon? (? for menu, Esc to quit)
Your +0 long sword glows red for a moment.
* * * LOW HITPOINT WARNING * * *
You feel sick.
You aren't carrying any potions.
You aren't carrying any items that you can evoke.
Read which item? (? for menu, Esc to quit)
As you read the scroll labeled PEYXAR CINNUDO, it crumbles to dust.
It is a scroll of identify.
Identify which item? (\ to view known items) (? for menu, Esc to quit)
i - an uncursed ring of protection from fire Read which item? (? for menu, Esc to quit)
As you read the scroll labeled NOZOWK HOHEX, it crumbles to dust.
You feel blessed for a moment.
It was a scroll of remove curse.
You have got your breath back.
You die...

#..<.....(.##.#
#..........##.# .#
...........##.# .#
...........##.# .#
...........##.####.#####
........>..##.#........#
.#####.....#†.#.......)#
. #........†......?.#
###........@......#
#........##.........
.........##........#
#.........###..#....#
##.......## #.##.....
#.......# #.# ...#
#######.# ..# ..# .##
...


There were no monsters in sight!

Vanquished Creatures
  An adder (D:2)
  A worm (D:2)
  A bat (D:1)
  3 goblins
  3 hobgoblins (D:1)
  3 jackals (D:1)
  2 giant newts (D:1)
  3 kobolds
17 creatures vanquished.

Notes
Turn   | Place    | Note
--------------------------------------------------------------
     0 | D:1      | epen the Naga Gladiator began the quest for the Orb.
     0 | D:1      | Reached XP level 1. HP: 19/19 MP: 1/1
   111 | D:1      | Reached skill level 1 in Stealth
   413 | D:1      | Reached XP level 2. HP: 16/26 MP: 2/2
  1079 | D:2      | Reached XP level 3. HP: 4/32 MP: 3/3
  1081 | D:2      | HP: 1/32 [poisoned by an adder]
  1083 | D:2      | Succumbed to an adder's poison

Vault maps used:
D:1:      mrwooster_arrival_statue, serial_co_window_serial, co_window_corner_a,
          co_window_paths_a, co_window_cross_1, co_window_paths_a,
          co_window_paths_a, co_window_of_opportunity_b,
          co_window_unsneaky_path_b, co_window_of_opportunity_b,
          glass_columns_a, glass_columns_b, glass_columns_b

Skill      XL: |  1 |
---------------+----+-----
Stealth        | 1 |  1.9
Fighting       | |  2.0
Long Blades    | |  3.6
Throwing       | |  1.7
Dodging        | |  2.7

Action                   || total
-------------------------++-------
Melee: Long sword        ||    55
 Abil: Spit Poison       ||     1
  Use: Scroll            ||     3
       Potion            ||     1
 Stab: Distracted        ||     1
       Sleeping          ||     1
Armor: Leather armour    ||     9
Dodge: Dodged            ||    39
